 Dungeon Crawl Stone Soup version 0.31-a0-236-g9a0961fb85 (webtiles) character file.

Game seed: 8382371690842177170

396 qw the Shooter (level 6, 0/52 HPs)
             Began as a Minotaur Hexslinger on July 10, 2023.
             Was an Initiate of Okawaru.
             Killed from afar by an orc wizard (3 damage)
             ... with a magic dart
             ... on level 5 of the Dungeon.
             The game lasted 00:01:32 (4239 turns).

qw the Shooter (Minotaur Hexslinger)                Turns: 4239, Time: 00:01:32

Health: 0/52       AC:  6    Str: 12    XL:     6   Next: 52%
Magic:  6/6        EV: 11    Int: 10    God:    Okawaru [......]
Gold:   135        SH:  0    Dex: 15    Spells: 6/7 levels left

rFire   . . .        Y - +1 sling
rCold   . . .        (no shield)
rNeg    + . .        d - +0 ring mail
rPois   .            (helmet restricted)
rElec   .            (no cloak)
rCorr   .            k - +0 pair of gloves
SInv    .            (no boots)
Will    .....        h - amulet of faith
Stlth   +            a - ring of positive energy
HPRegen 0.28/turn    (no ring)
MPRegen 0.10/turn

%: faith
@: no status effects
A: horns 2, retaliatory headbutt
a: Renounce Religion


You were on level 5 of the Dungeon.
You worshipped Okawaru.
Okawaru was noncommittal.
You visited 2 branches of the dungeon, and saw 6 of its levels.

You collected 188 gold pieces.
You spent 53 gold pieces at shops.


Innate Abilities, Weirdness & Mutations

You have a pair of horns on your head.
You reflexively headbutt those who attack you in melee.


   Skills:
 - Level 4.2 Fighting
 + Level 6.5 Ranged Weapons
 - Level 1.0 Armour
 - Level 2.1 Dodging
 - Level 1.0 Spellcasting
 - Level 2.0 Hexes


You had 6 spell levels left.
You knew the following spells:

 Your Spells              Type           Power      Damage    Failure   Level
a - Slow                  Hex            16%        N/A       34%         1

Your spell library contained the following spells:

 Spells                   Type           Power      Damage    Failure   Level
 Inner Flame              Hex/Fire       2%         N/A       83%         3
 Portal Projectile        Hex/Tloc       4%         N/A       83%         3
 Cause Fear               Hex            2%         N/A       98%         4

Inventory:

Hand Weapons
 l - a +2 antimagic sling
 Y - a +1 sling (weapon)
Armour
 d - a +0 ring mail (worn)
 g - a +0 cloak
 k - a +0 pair of gloves (worn)
Jewellery
 a - a ring of positive energy (left hand)
 h - an amulet of faith (around neck)
Scrolls
 c - a scroll of teleportation
 m - a scroll of identify
 p - a scroll of fear {unknown}
 q - a scroll of silence {unknown}
 r - a scroll of enchant armour {unknown}
Potions
 b - a potion of resistance
 e - a potion of ambrosia {unknown}
 f - 3 potions of haste
 i - a potion of might
 j - a potion of enlightenment {unknown}
 n - a potion of degeneration {unknown}
 o - 2 potions of curing {unknown}

Dungeon Overview and Level Annotations

Branches:
Dungeon (5/15)             Temple (1/1) D:4

Altars:
Ashenzari
Cheibriados
Dithmenos
Fedhas
Gozag
Hepliaklqana
Makhleb
Okawaru
Sif Muna
Trog
Uskayaw
Vehumet
Wu Jian
Xom
Yredelemnul
Zin
The Shining One

Shops:
D:2 *

Annotations:
D:4 2 runed translucent doors, qw's ghost, amateur MiHs


Message History

Something hits you but does no damage.
You shoot a sling bullet. Something hits you but does no damage.
You shoot a sling bullet. Something hits you but does no damage.
You shoot a sling bullet.
You hear some strange, mumbled words.
Something tries to affect you, but you resist.
Something hits you.
You shoot a sling bullet. Something hits you but does no damage.
You shoot a sling bullet. Something hits you but does no damage.
You shoot a sling bullet. Something hits you but does no damage.
You shoot a sling bullet.
You hear some strange, mumbled words.
You are confused.
You shoot a sling bullet. Something hits you.
You shoot a sling bullet.
You hear some strange, mumbled words.
Something tries to affect you, but you resist.
Something hits you.
You shoot a sling bullet.
You hear some strange, mumbled words.
A magic dart appears from out of thin air!
The magic dart hits you!
You shoot a sling bullet.
You hear some strange, mumbled words.
A puff of flame appears from out of thin air!
The puff of flame misses you.
You shoot a sling bullet.
You feel less confused. Something hits you.
You shoot a sling bullet.
You hear some strange, mumbled words.
A magic dart appears from out of thin air!
The magic dart hits you.
You die...

#.###.# #.######
#.....# #.......
#.##### ######## #.# #
#.# # #.#########
#.........# ###
#.#######.# #
##.#####.#######@# #
#.#.............{).)..#
####
)..###.<...#####.#.##.#
#... #### ##...## #.#.#
#.## ##.## #.# . ##.##
#... ..#... #.... #.###
####.## #..## #+# #.#
#..# #.# #..##


There were no monsters in sight!

Vanquished Creatures
  A phantom (D:4)
  A bullfrog (D:2)
  A hound (D:5)
  An orc priest (D:5)
  An iguana (D:5)
  5 adders
  3 gnolls (D:4)
  An ufetubus (D:5)
  A worm (D:2)
  A dart slug (D:2)
  9 orcs
  9 endoplasms
  3 giant cockroaches
  4 hobgoblins
  5 jackals
  5 kobolds
  5 quokkas
  4 ball pythons
  5 bats
  2 frilled lizards (D:3)
  5 goblins
  6 rats
  A butterfly (D:4)
79 creatures vanquished.

Notes
Turn   | Place    | Note
-------+----------+-------------------------------------------
     0 | D:1      | qw the Minotaur Hexslinger began the quest for the Orb.
     0 | D:1      | Reached XP level 1. HP: 16/16 MP: 1/1
     0 | D:1      | 0 ||| qw: Version: 0.3-a-52-g30416fa
     0 | D:1      | 0 ||| qw: Game counter: 4637
     0 | D:1      | 0 ||| qw: Melee chars always use a shield: true
     0 | D:1      | 0 ||| qw: God list: Okawaru
     0 | D:1      | 0 ||| qw: Allow faded altars: false
     0 | D:1      | 0 ||| qw: Do Orc after clearing Dungeon:15 true
     0 | D:1      | 0 ||| qw: Do second Lair branch before Depths: true
     0 | D:1      | 0 ||| qw: Lair rune preference: random
     0 | D:1      | 0 ||| qw: Goals: Normal
     0 | D:1      | 0 ||| PLANNING D:1-11
    19 | D:1      | 19 ||| FLEEEEING.
   106 | D:1      | Reached skill level 3 in Ranged Weapons
   108 | D:1      | Reached XP level 2. HP: 21/23 MP: 2/2
   181 | D:1      | Found a faded altar of an unknown god.
   992 | D:1      | 992 ||| UPGRADING to +0 ring mail.
  1002 | D:1      | 1002 ||| DROPPING +0 robe.
  1003 | D:1      | 1003 ||| READING scroll labelled RUOSUMNYRE.
  1004 | D:1      | 1004 ||| DRINKING 2 purple potions.
  1005 | D:1      | 1005 ||| DROPPING scroll of poison.
  1050 | D:2      | Reached XP level 3. HP: 22/29 MP: 3/3
  1214 | D:2      | Found Xemmy's Assorted Antiques.
  1217 | D:2      | Reached skill level 4 in Ranged Weapons
  1228 | D:2      | 1228 ||| SHOPLISTING blackened iron wand (112 gold, have
                  | 79).
  1228 | D:2      | 1228 ||| BUYING blue potion (25 gold).
  1228 | D:2      | Bought a blue potion for 25 gold pieces
  1228 | D:2      | 1228 ||| SHOPLISTING jade ring (140 gold, have 54).
  1228 | D:2      | 1228 ||| BUYING scroll labelled DYTODE ZARUVO (28 gold).
  1228 | D:2      | Bought a scroll labelled DYTODE ZARUVO for 28 gold pieces
  1228 | D:2      | 1228 ||| SHOPLISTING scroll labelled EKKOCW YPAUKESCH (28
                  | gold, have 26).
  1228 | D:2      | 1228 ||| SHOPLISTING scroll labelled HUXUTR BUEB (28 gold,
                  | have 26).
  1228 | D:2      | 1228 ||| SHOPLISTING scroll of identify (56 gold, have 26).
  1283 | D:2      | 1283 ||| Stepping ~*~*~tactically~*~*~ (outnumbered).
  1300 | D:2      | Reached skill level 1 in Armour
  1368 | D:2      | Found a glowing silver altar of Zin.
  1585 | D:2      | 1585 ||| UPGRADING to +0 pair of gloves.
  1590 | D:2      | 1590 ||| UPGRADING to amulet of faith.
  1595 | D:2      | 1595 ||| READING scroll labelled DYTODE ZARUVO.
  1596 | D:2      | 1596 ||| READING scroll labelled BUUGHA MOESOBLUCH.
  1597 | D:2      | 1597 ||| DRINKING 2 fuming sapphire potions.
  1598 | D:2      | 1598 ||| DRINKING 2 blue potions.
  1599 | D:2      | 1599 ||| DRINKING 2 bubbling sapphire potions.
  1600 | D:2      | 1600 ||| DROPPING potion of invisibility.
  1601 | D:2      | 1601 ||| DROPPING potion of attraction.
  1647 | D:3      | Noticed a bullfrog
  1650 | D:3      | 1650 ||| STAIRDANCE
  1654 | D:2      | Killed a bullfrog
  1655 | D:2      | Reached skill level 5 in Ranged Weapons
  1655 | D:2      | Reached XP level 4. HP: 18/36 MP: 4/4
  2242 | D:3      | Reached XP level 5. HP: 42/42 MP: 5/5
  2268 | D:3      | 2268 ||| UPGRADING to ring of positive energy.
  2269 | D:3      | 2269 ||| READING 3 scrolls labelled EKKOCW YPAUKESCH.
  2272 | D:3      | 2272 ||| READING scroll labelled ZAN DIFOCANEPH.
  2334 | D:3      | 2334 ||| READING 2 scrolls of identify.
  2334 | D:3      | 2334 ||| IDENTIFYING murky emerald potion
  2376 | D:4      | Found a staircase to the Ecumenical Temple.
  2377 | D:4      | 2377 ||| PLANNING TEMPLE
  2386 | Temple   | Entered the Ecumenical Temple
  2386 | Temple   | Found a transporter.
  2386 | Temple   | Found a transporter.
  2388 | Temple   | Found a transporter.
  2388 | Temple   | Found a transporter.
  2398 | Temple   | 2398 ||| PLANNING D:1-11
  2401 | Temple   | 2401 ||| PLANNING OKAWARU WORSHIP
  2406 | Temple   | Became a worshipper of Warmaster Okawaru
  2407 | Temple   | 2407 ||| PLANNING D:1-11
  2565 | D:4      | Reached skill level 3 in Fighting
  2668 | D:4      | Found a large runed translucent door.
  2668 | D:4      | Found a large runed translucent door.
  2669 | D:4      | Noticed qw's ghost (amateur MiHs)
  2927 | D:4      | Noticed a black bear
  2936 | D:4      | HP: 10/45 [black bear (4)]
  2937 | D:4      | 2937 ||| READING 2 scrolls of teleportation.
  2937 | D:4      | HP: 4/45 [black bear (1)]
  2938 | D:4      | HP: 1/45 [black bear (3)]
  3142 | D:4      | Noticed a phantom
  3153 | D:4      | Killed a phantom
  3154 | D:4      | Reached skill level 6 in Ranged Weapons
  3410 | D:4      | 3410 ||| READING scroll labelled JUV USHICUPINO.
  3411 | D:4      | 3411 ||| READING scroll labelled METOIF AQIGEZO.
  3411 | D:4      | Identified a scroll of acquirement
  3411 | D:4      | 3411 ||| ACQUIRING +2 antimagic sling
  3411 | D:4      | Acquired a +2 antimagic sling
  3413 | D:4      | 3413 ||| DRINKING 2 fuming amethyst potions.
  3414 | D:4      | 3414 ||| DROPPING potion of brilliance.
  3434 | D:5      | Entered Level 5 of the Dungeon
  3483 | D:5      | Reached XP level 6. HP: 50/51 MP: 6/6
  4235 | D:5      | HP: 13/52 [something (3)]
  4236 | D:5      | HP: 6/52 [something/magic dart (7)]
  4239 | D:5      | Killed from afar by an orc wizard

Levels and vault maps discovered:
D:1:      dpeg_arrival_rhombus, layout_basic, hellmonk_ecumenical_altar_zigzags,
          minmay_vboxes
D:2:      layout_rooms, serial_shops, shop_fountains, basic_altar,
          grunt_ministairs_4, minmay_cupped
D:3:      layout_basic, hangedman_decor_push
D:4:      black_bear_nest_2, layout_basic, minmay_temple_entry_butterflies,
          ebering_ghost_disaster_area
D:5:      layout_loops_corners
Temple:   hellmonk_temple_divided_pantheon

Skill      XL: |  1  2  3  4  5  6 |
---------------+-------------------+-----
Ranged Weapons | 3 5 6 |  6.5
Fighting       | 2 3 4 |  4.2
Armour         | 1 |  1.0
Dodging        | |  2.1
Spellcasting   | |  1.0
Hexes          | |  2.0

Action                     |  1- 3 |  4- 6 || total
---------------------------+-------+-------++-------
   Fire: Sling             |   107 |   207 ||   314
    Use: Potion            |     4 |     1 ||     5
         Scroll            |     3 |     6 ||     9
 Armour: Robe              |     2 |       ||     2
         Ring mail         |    11 |    72 ||    83
  Dodge: Dodged            |    28 |    99 ||   127

Table legend:
 A = Non-vault XP
 B = Vault XP
 C = Vault XP percentage of total XP
 D = Non-vault monster count
 E = Vault monster count
 F = Vault count percentage of total count
                 A         B        C        D         E       F
            +---------+---------+-------+---------+---------+-------
      Total |     539 |      27 |   4.8 |      69 |       9 |  11.5
            +---------+---------+-------+---------+---------+-------
        D:1 |      29 |       6 |  17.1 |      17 |       4 |  19.0
        D:2 |     117 |      21 |  15.2 |      11 |       5 |  31.2
        D:3 |      24 |       0 |   0.0 |      13 |       0 |   0.0
        D:4 |     182 |       0 |   0.0 |      14 |       0 |   0.0
        D:5 |     187 |       0 |   0.0 |      14 |       0 |   0.0
            +---------+---------+-------+---------+---------+-------
